 Dungeon Crawl Stone Soup version 0.22.1-2-g9c5b331383 (webtiles) character file.

912 Ivernyr the Covert (level 7, 27/27 HPs)
             Began as a Felid Enchanter on Nov 25, 2018.
             Was an Initiate of Dithmenos.
             Quit the game on level 6 of the Dungeon.
             The game lasted 00:25:05 (7808 turns).

Ivernyr the Covert (Felid Enchanter)                Turns: 7808, Time: 00:25:05

Health: 27/27      AC:  2    Str:  4    XL:     7   Next: 82%
Magic:  24/24      EV: 22    Int: 19    God:    Dithmenos [......]
Gold:   305        SH:  0    Dex: 16    Spells: 7/16 levels left
                                        Lives:  1   Deaths: 1

rFire    . . .     SeeInvis +     - Unarmed
rCold    . . .     Gourm    .   (shield unavailable)
rNeg     . . .     Faith    .   (armour unavailable)
rPois    .         Spirit   .   (helmet unavailable)
rElec    .         Reflect  .   (cloak unavailable)
rCorr    .         Harm     .   (gloves unavailable)
MR       +....                  (boots unavailable)
Stlth    +++++.....             (no amulet)
HPRegen  0.09/turn              a - ring of magical power
MPRegen  0.19/turn              m - ring of wizardry

@: quick
A: very small, no armour, no weapons or thrown items, stealth, claws 1, fangs 3,
see invisible, carnivore, speed 1, shaggy fur 2, slow metabolism 1, sharp paws
a: Renounce Religion


You were on level 6 of the Dungeon.
You worshipped Dithmenos.
Dithmenos was noncommittal.
You were not hungry.

You visited 2 branches of the dungeon, and saw 7 of its levels.

You collected 305 gold pieces.

Inventory:

Jewellery
 a - a ring of magical power (left paw)
 m - a ring of wizardry (right paw)
Wands
 s - a wand of flame (19)
 w - a wand of paralysis (7)
Scrolls
 h - 3 scrolls of remove curse {unknown}
 j - 8 scrolls of identify {unknown}
 k - 2 scrolls of amnesia {unknown}
 l - a scroll of enchant armour {unknown}
 n - 2 scrolls of noise {unknown}
 o - 3 scrolls of magic mapping {unknown}
 q - a scroll of teleportation {unknown}
 r - 4 scrolls of fear {unknown}
 u - a scroll of enchant weapon {unknown}
Potions
 c - a potion of berserk rage {unknown}
 d - 3 potions of curing {unknown}
 e - 2 potions of heal wounds {unknown}
 f - a potion of invisibility {unknown}
 g - 2 potions of might {unknown}
 i - 2 potions of agility {unknown}
 p - 2 potions of cancellation {unknown}
 t - a potion of degeneration {unknown}
 v - a potion of haste {unknown}
Comestibles
 b - 14 rations


   Skills:
 + Level 0.0 Fighting
 + Level 7.1 Dodging
 * Level 10.9 Stealth
 - Level 1.0 Unarmed Combat
 - Level 5.0 Spellcasting
 + Level 8.5 Hexes


You had 7 spell levels left.
You knew the following spells:

 Your Spells              Type           Power        Failure   Level  Hunger
a - Corona                Hex            #####..      1%          1    None
b - Ensorcelled Hibernat  Hex/Ice        ###...       1%          2    #......
c - Confuse               Hex            #####...     1%          3    ##.....
d - Tukima's Dance        Hex            #####...     1%          3    ##.....

Your spell library contained the following spells:

 Spells                   Type           Power        Failure   Level  Hunger
 Dazzling Spray           Conj/Hex       ###...       2%          3    ##.....


Dungeon Overview and Level Annotations

Branches:
Dungeon (6/15)             Temple (1/1) D:5

Altars:
Ashenzari
Dithmenos
Elyvilon
Fedhas
Gozag
Hepliaklqana
Kikubaaqudgha
Makhleb
Nemelex Xobeh
Okawaru
Ru
Trog
Uskayaw
Wu Jian
Xom
Yredelemnul
Zin

Annotations:
D:3 2 runed doors, imphell's ghost, amateur TrMo


Innate Abilities, Weirdness & Mutations

You cannot wear armour.
You are incapable of wielding weapons or throwing items.
Your paws allow you to move quietly. (Stealth)
You have sharp claws.
You have razor-sharp teeth.
You have supernaturally acute eyesight. (SInv)
You are carnivorous and can eat meat at any time.
You cover ground quickly.
You are covered in thick fur. (AC +2)
You have a slow metabolism.
Your sharp claws are effective at attacking unaware monsters.


Message History

Aim: a jelly (heavily wounded, chance to defeat MR: 73%)
The jelly appears confused.
You are no longer corroded.
Things that are here:
a whip; a chain mail You scratch the jelly.
Your paws burn!
* * * LOW HITPOINT WARNING * * *
The jelly is severely wounded.
The jelly misses you.
You barely miss the jelly.
The jelly is severely wounded.
You scratch the jelly. The acid corrodes you!
Your paws burn!
* * * LOW HITPOINT WARNING * * *
The jelly is severely wounded.
You scratch the jelly. The acid corrodes you!
Your paws burn!
You die...
The jelly is almost dead.
You are now level 7!
You rejoin the land of the living...
Are you sure you want to abandon this character and quit the game? (Confirm

###################.#########.)..
............### .#...#..#......
#######.#......#..####
#.รท^....#.).........# #.#
###...#####...# #.# #...........#
#########.##### #..######...#
#............@# #..#...##...#
#.###########.# #....#......# #.#
#.####.###..#..... #.# #......#
#....#.## #.# ######## #.##.#...
#.### ...#.#..# ####)#.##
###.#....# #.....#.## #####..
#.##.#.#.##


There were no monsters in sight!

Vanquished Creatures
  Pikel (D:5)
  Menkaure (D:4)
  A water moccasin (D:5)
  An ice beast (D:5)
  A centaur (D:5)
  A big kobold (D:4)
  3 scorpions
  A crimson imp (D:5)
  3 hounds
  A bullfrog zombie (D:5)
  2 orc priests (D:3)
  3 iguanas
  5 orc wizards
  3 worker ants
  A hound skeleton (D:5)
  4 adders
  An ooze (D:1)
  4 worms
  3 dart slugs
  A leopard gecko (D:2)
  16 orcs
  4 giant cockroaches
  9 hobgoblins
  10 jackals
  5 kobolds
  2 quokkas
  3 ball pythons
  6 bats
  3 frilled lizards
  11 goblins
  A quokka skeleton (D:4)
  10 rats
121 creatures vanquished.

Vanquished Creatures (collateral kills)
  An ogre (D:6)
  A jelly (D:6)
2 creatures vanquished.

Grand Total: 123 creatures vanquished

Notes
Turn   | Place    | Note
-------+----------+-------------------------------------------
     0 | D:1      | Ivernyr the Felid Enchanter began the quest for the Orb.
     0 | D:1      | Reached XP level 1. HP: 7/7 MP: 4/4
   512 | D:1      | Reached XP level 2. HP: 5/11 MP: 6/6
   936 | D:1      | Learned a level 2 spell: Ensorcelled Hibernation
  1414 | D:1      | Reached XP level 3. HP: 14/14 MP: 7/7
  1469 | D:2      | Learned a level 3 spell: Confuse
  1850 | D:2      | Reached skill level 5 in Stealth
  2193 | D:2      | Reached skill level 5 in Hexes
  2486 | D:2      | Found an iron altar of Okawaru.
  2728 | D:2      | Reached XP level 4. HP: 10/18 MP: 8/8
  3673 | D:3      | Found a large runed door.
  3674 | D:3      | Found a large runed door.
  3676 | D:3      | Noticed imphell's ghost (amateur TrMo)
  4482 | D:3      | Reached XP level 5. HP: 20/21 MP: 10/10
  4595 | D:3      | Reached skill level 6 in Stealth
  5186 | D:4      | Reached skill level 7 in Stealth
  5186 | D:4      | Gained mutation: You are covered in thick fur. (AC +2)
                  | [Felid growth]
  5186 | D:4      | Reached XP level 6. HP: 14/24 MP: 11/11
  5614 | D:4      | Found a shattered altar of Ashenzari.
  5709 | D:4      | Noticed Menkaure
  5745 | D:4      | Killed Menkaure
  5745 | D:4      | Reached skill level 5 in Dodging
  5797 | D:5      | Entered Level 5 of the Dungeon
  5857 | D:5      | Reached XP level 7. HP: 6/27 MP: 13/13
  6108 | D:5      | Reached skill level 8 in Stealth
  6506 | D:5      | Found a staircase to the Ecumenical Temple.
  6528 | Temple   | Entered the Ecumenical Temple
  6562 | Temple   | Became a worshipper of Dithmenos the Shadowed
  6583 | D:5      | Learned a level 3 spell: Tukima's Dance
  6699 | D:5      | Reached skill level 9 in Stealth
  6728 | D:5      | Noticed Pikel
  6735 | D:5      | Paralysed by Pikel for 5 turns
  6746 | D:5      | Killed Pikel
  6746 | D:5      | Reached skill level 10 in Stealth
  6746 | D:5      | Reached XP level 8. HP: 16/31 MP: 15/15
  7237 | D:6      | Found an ancient bone altar of Kikubaaqudgha.
  7579 | D:6      | Found a sacrificial altar of Ru.
  7617 | D:6      | Reached skill level 5 in Spellcasting
  7803 | D:6      | Splashed by a jelly's acid
  7804 | D:6      | Reached XP level 7. HP: -1/27 MP: 17/24
  7808 | D:6      | Quit the game

Skill      XL: |  1  2  3  4  5  6  7  8 |
---------------+-------------------------+-----
Dodging        | 3 4 5 6 7 |  7.1
Stealth        | 5 7 10 | 10.9
Hexes          | 5 6 7 8 |  8.5
Spellcasting   | 3 4 5 |  5.0
Unarmed Combat | |  1.0

Action                   |  1- 3 |  4- 6 |  7- 9 || total
-------------------------+-------+-------+-------++-------
Melee: Unarmed           |    94 |   146 |    93 ||   333
       Bite              |     4 |    12 |     9 ||    25
       Punch             |     1 |     1 |     1 ||     3
 Cast: Corona            |     1 |     1 |       ||     2
       Ensorcelled Hiber |    16 |    38 |    39 ||    93
       Confuse           |     6 |    13 |     7 ||    26
       Tukima's Dance    |       |       |     1 ||     1
 Stab: Sleeping          |    25 |    35 |    29 ||    89
       Confused          |     2 |     6 |     7 ||    15
  Eat: Chunk             |    12 |     9 |     3 ||    24
Armor: Skin              |     3 |     7 |     3 ||    13
Dodge: Dodged            |    77 |    98 |    65 ||   240
